 Dungeon Crawl Stone Soup version 0.27-a0-1202-ge72e49191c (webtiles) character file.

Game seed: 8728399592831582462

144 Lanoc the Sneak (level 5, -6/45 HPs)
             Began as a Naga Enchanter on June 2, 2021.
             Was an Initiate of Ru.
             Mangled by a gnoll
             ... wielding a +0 halberd
              (10 damage)
             ... on level 3 of the Dungeon.
             The game lasted 00:04:34 (2469 turns).

Lanoc the Sneak (Naga Enchanter)                    Turns: 2469, Time: 00:04:34

Health: -6/45      AC:  3    Str: 10    XL:     5   Next: 27%
Magic:  2/8        EV: 10    Int: 17    God:    Ru [......]
Gold:   63         SH:  0    Dex: 11    Spells: 2/8 levels left

rFire    + . .     SeeInvis +   a - +5 dagger (venom)
rCold    . . .     Faith    .   (no shield)
rNeg     . . .     Spirit   .   b - +0 robe
rPois    +         Reflect  .   (no helmet)
rElec    .         Harm     .   (no cloak)
rCorr    .         Rampage  .   d - +0 pair of gloves
Will     .....                  (no barding)
Stlth    +++.......             (no amulet)
HPRegen  0.15/turn              q - ring of protection from fire
MPRegen  0.11/turn              (no ring)

@: short of breath, very slightly contaminated, very slow
A: AC +1, large, see invisible, deformed body, poison resistance, slowness 2,
spit poison 1, naga tail 1
a: Spit Poison, Renounce Religion, Sacrifice Skill, Sacrifice Love, Sacrifice
Courage, Reject Sacrifices


You were on level 3 of the Dungeon.
You worshipped Ru.
Ru was noncommittal.
You visited 1 branch of the dungeon, and saw 3 of its levels.

You collected 63 gold pieces.

Inventory:

Hand Weapons
 a - a +5 dagger of venom (weapon)
Armour
 b - a +0 robe (worn)
 d - a +0 pair of gloves (worn)
Jewellery
 q - a ring of protection from fire (left hand)
Scrolls
 c - 2 scrolls of identify {unknown}
 e - a scroll of enchant weapon {unknown}
 f - a scroll of torment {unknown}
 g - a scroll of teleportation {unknown}
 k - a scroll of enchant armour {unknown}
 l - a scroll of noise {unknown}
 m - a scroll of fog {unknown}
 o - a scroll of amnesia {unknown}
Potions
 h - a potion of lignification {unknown}
 i - a potion of curing {unknown}
 j - a potion of degeneration {unknown}
 n - a potion of haste {unknown}
 p - a potion of brilliance {unknown}
 r - a potion of mutation {unknown}
 s - 2 potions of flight {unknown}


   Skills:
 + Level 1.9 Fighting
 - Level 1.0 Short Blades
 + Level 2.3 Dodging
 * Level 6.6 Stealth
 - Level 2.0 Spellcasting
 + Level 3.6 Hexes


You had 2 spell levels left.
You knew the following spells:

 Your Spells              Type           Power      Damage    Failure   Level
a - Corona                Hex            15%        N/A       4%          1
b - Ensorcelled Hibernat  Hex/Ice        14%        N/A       14%         2
c - Tukima's Dance        Hex            14%        N/A       13%         3

Your spell library contained the following spells:

 Spells                   Type           Power      Damage    Failure   Level
 Confusing Touch          Hex            14%        N/A       13%         3
 Dazzling Flash           Conj/Hex       14%        N/A       26%         3
 Animate Armour           Summ/Erth      2%         N/A       88%         4
 Silence                  Hex/Air        3%         N/A       94%         5
 Borgnjor's Vile Clutch   Necr/Erth      0%         N/A       99%         5
 Shadow Creatures         Summ           N/A        N/A       100%        6


Dungeon Overview and Level Annotations

Branches:
Dungeon (3/15)

Altars:
Ru


Innate Abilities, Weirdness & Mutations

Your serpentine skin is tough. (AC +1)
You have supernaturally acute eyesight. (SInv)
Armour fits poorly on your strangely shaped body.
Your system is resistant to poisons. (rPois)
You cover ground very slowly.
You can spit poison.
You have a snake-like lower body.


Message History

The gnoll is heavily wounded.
The gnoll hits you with a +0 flail!
Press: ? - help, Shift-Dir - straight line, f - gnoll
Aim: a gnoll, wielding a +0 flail (heavily wounded)
The splash of poison hits the gnoll.
The gnoll is poisoned.
The gnoll is severely wounded.
A kobold comes into view. It is wielding a +0 club.
The gnoll hits you with a +0 flail.
You are too injured to fight recklessly!
The gnoll shouts!
The kobold shouts!
You hit the gnoll.
You kill the gnoll!
You hear a shout!
A bat comes into view.
Casting: Ensorcelled Hibernation (safe; 14% risk of failure)
Confirm with . or Enter, or press ? or * to list all spells.
Aiming: Ensorcelled Hibernation (safe; 14% risk of failure)
Press: ? - help, Shift-Dir - straight line, f - gnoll
Aim: a gnoll, wielding a +0 halberd (chance to affect: 48%)
You miscast Ensorcelled Hibernation.
You are very lightly contaminated with residual magic.
Nothing appears to happen.
The gnoll hits you from afar with a +0 halberd!
* * * LOW HITPOINT WARNING * * *
Casting: Ensorcelled Hibernation (safe; 14% risk of failure)
Confirm with . or Enter, or press ? or * to list all spells.
Aiming: Ensorcelled Hibernation (safe; 14% risk of failure)
Press: ? - help, Shift-Dir - straight line, f/p - gnoll
Aim: a gnoll, wielding a +0 halberd (chance to affect: 48%)
The gnoll resists with some effort.
The gnoll hits you from afar with a +0 halberd!
* * * LOW HITPOINT WARNING * * *
Casting: Ensorcelled Hibernation (safe; 14% risk of failure)
Confirm with . or Enter, or press ? or * to list all spells.
Aiming: Ensorcelled Hibernation (safe; 14% risk of failure)
Press: ? - help, Shift-Dir - straight line, f/p - gnoll
Aim: a gnoll, wielding a +0 halberd (chance to affect: 48%)
The gnoll resists with some effort.
The gnoll hits you from afar with a +0 halberd!
You die...

#######################
...........†...........
#.#.#.#.#.#.#.#.#.#.#.
.#.#.#.#.#.#.#.#@#
#.#.#.#.#.#.#.#.#)#
.#.#.#.#.#.#.#.#.#g#
#.#.#.#.#.#.#.#.#.#b#
.#.#.#.#.#.#.#.#.#.#K#
#.#.#.#.#.#.#.#.#.#.#.#
.#.#.#.#.#.#.#.#. #.#
#.#.#.#.#.#.#.#. #.
.#.#.#.#> #.#.


You could see a gnoll, a bat and a kobold.

Vanquished Creatures
  A hound (D:2)
  An adder (D:2)
  5 gnolls
  A worm (D:3)
  2 dart slugs (D:1)
  4 endoplasms
  2 goblins (D:1)
  3 hobgoblins
  9 jackals
  3 quokkas
  6 ball pythons
  5 bats (D:1)
  3 frilled lizards (D:1)
  3 kobolds
  3 rats
51 creatures vanquished.

Notes
Turn   | Place    | Note
-------+----------+-------------------------------------------
     0 | D:1      | Lanoc the Naga Enchanter began the quest for the Orb.
     0 | D:1      | Reached XP level 1. HP: 15/15 MP: 3/3
   226 | D:1      | Reached XP level 2. HP: 24/24 MP: 5/5
   495 | D:1      | Learned a level 2 spell: Ensorcelled Hibernation
   507 | D:1      | Reached skill level 5 in Stealth
   762 | D:1      | Reached XP level 3. HP: 23/30 MP: 6/6
   845 | D:1      | Reached skill level 1 in Fighting
  1156 | D:1      | Found a faded altar of an unknown god.
  1162 | D:1      | Became a worshipper of Ru the Awakened
  1639 | D:2      | Reached XP level 4. HP: 37/38 MP: 7/7
  1655 | D:2      | Reached skill level 6 in Stealth
  1958 | D:2      | Learned a level 3 spell: Tukima's Dance
  1974 | D:2      | Reached XP level 5. HP: 41/45 MP: 8/8
  2469 | D:3      | Mangled by a gnoll

Illustrated notes

Levels and vault maps discovered:
D:1:      evilmike_arrival_crescent, layout_loops_cross,
          shapermc_ecumenical_altar_hornbeckon, ebering_dispersal_statue_hall
D:2:      layout_rooms, minmay_misc_feat_diagonals
D:3:      layout_basic, okawaru_gym_becter

Skill      XL: |  1  2  3  4 |
---------------+-------------+-----
Stealth        | 5 6 |  6.6
Fighting       | 1 |  1.9
Dodging        | 2 |  2.3
Short Blades   | |  1.0
Spellcasting   | |  2.0
Hexes          | |  3.6

Action                   |  1- 3 |  4- 6 || total
-------------------------+-------+-------++-------
Melee: Dagger            |    65 |    26 ||    91
 Cast: Ensorcelled Hiber |     1 |     3 ||     4
 Abil: Spit Poison       |    21 |    12 ||    33
 Stab: Sleeping          |     2 |     2 ||     4
Armor: Robe              |    12 |     2 ||    14
Dodge: Dodged            |    53 |    14 ||    67

Table legend: (Time is in decaauts)
 A = Elapsed time spent in this place.
 B = Non-inter-level travel time spent in this place.
 C = Inter-level travel time spent in this place.
 D = Time resting spent in this place.
 E = Time spent auto-exploring this place.
 F = Levels seen in this place.
 G = Mean time per level.
                   A        B        C        D        E       F      G
               +--------+--------+--------+--------+--------+-----+--------+
         Total |   2920 |   2835 |     85 |    330 |   2119 |   3 |  973.3 |
       Dungeon |   2920 |   2835 |     85 |    330 |   2119 |   3 |  973.3 |
               +--------+--------+--------+--------+--------+-----+--------+

Top non-repeatable levels by time:
     D:1: 2077 daAuts
     D:2: 634 daAuts
     D:3: 208 daAuts
